 Dungeon Crawl Stone Soup version 0.22-a0-467-g5c5de1c (webtiles) character file.

109 tilp the Chiller (level 4, -1/30 HPs)
             Began as a Merfolk Ice Elementalist on June 10, 2018.
             Slain by an orc wizard
             ... wielding a +0 dagger
              (6 damage)
             ... on level 3 of the Dungeon.
             The game lasted 00:07:17 (2740 turns).

tilp the Chiller (Merfolk Ice Elementalist)         Turns: 2740, Time: 00:07:18

Health: -1/30      AC:  3    Str:  8    XL:     4   Next: 89%
Magic:  0/7        EV: 13    Int: 15    God:
Gold:   173        SH:  0    Dex: 14    Spells: 1/7 levels left

rFire    . . .     SeeInvis .   d - +0 short sword
rCold    . . .     Gourm    .   (no shield)
rNeg     . . .     Faith    .   a - +0 robe
rPois    .         Spirit   .   s - +0 helmet
rElec    .         Reflect  .   (no cloak)
rCorr    .         Harm     .   (no gloves)
MR       .....                  (no boots)
Stlth    ++........             (no amulet)
HPRegen  0.10/turn              (no ring)
MPRegen  0.10/turn              (no ring)

@: no status effects
A: change form in water, swift swim, stealthy swim
a: no special abilities


You were on level 3 of the Dungeon.
You were not hungry.

You visited 1 branch of the dungeon, and saw 3 of its levels.

You collected 173 gold pieces.

Inventory:

Hand Weapons
 d - a +0 short sword (weapon)
 i - a +0 spear
 r - a cursed -2 hunting sling
Missiles
 j - 80 stones (quivered)
Armour
 a - a +0 robe (worn)
 s - a +0 helmet (worn)
Jewellery
 k - an uncursed ring of flight {unknown}
 l - a +5 ring of strength {unknown}
 m - an uncursed ring of flight {unknown}
 u - an uncursed amulet of harm {unknown}
 x - an uncursed ring of magical power {unknown}
Scrolls
 b - 2 scrolls of remove curse {unknown}
 e - 2 scrolls of enchant weapon {unknown}
 f - 2 scrolls of magic mapping {unknown}
 g - 7 scrolls of identify {unknown}
 h - a scroll of teleportation {unknown}
 p - a scroll of fear {unknown}
 w - a scroll of amnesia {unknown}
Potions
 n - a potion of degeneration {unknown}
 o - a potion of ambrosia {unknown}
 t - 2 potions of heal wounds {unknown}
 v - a potion of curing {unknown}
Comestibles
 c - 7 rations
 q - 2 chunks of flesh


   Skills:
 + Level 0.0 Fighting
 - Level 2.6 Dodging
 - Level 2.1 Stealth
 - Level 2.0 Spellcasting
 - Level 0.7 Conjurations
 - Level 6.0 Ice Magic


You had one spell level left.
You knew the following spells:

 Your Spells              Type           Power        Failure   Level  Hunger
a - Freeze                Ice            ###.         1%          1    #......
b - Throw Frost           Conj/Ice       ##....       9%          2    ###....
c - Ozocubu's Armour      Chrm/Ice       ##......     19%         3    ###....

Your spell library contained the following spells:

 Spells                   Type           Power        Failure   Level  Hunger
 Summon Ice Beast         Ice/Summ       ##......     54%         4    #####..
 Throw Icicle             Conj/Ice       ##......     50%         4    #####..


Dungeon Overview and Level Annotations

Branches:
Dungeon (3/15)

Altars:
Ru
Yredelemnul

Annotations:
D:3 exclusion: door


Message History

Casting: Freeze (safe; 1% risk of failure)
Confirm with . or Enter, or press ? or * to list all spells.
Aiming: Freeze (safe; 1% risk of failure)
Press: ? - help, Shift-Dir - straight line You freeze something.
You hear some strange, mumbled words.
A puff of frost appears from out of thin air!
The puff of frost misses you.
You completely miss something. Something hits you.
You hit something.
You hear some strange, mumbled words.
You barely miss something. Something hits you.
Something hits you but does no damage.
You hit something. Something hits you.
The orc priest mumbles some strange prayers to Beogh against you.
Beogh smites you!
Ouch! That really hurt!
* * * LOW HITPOINT WARNING * * *
You miss something. Something hits you.
You die...

#...# #..# #.)# #...####
##.# ####.##
#...>..###..## #.)..##
####.........###.#####
#..#####..##..#####
#...## #...........
##...###........##.
#.#............##<
#@####.o.......#..
#{###......<.....#
########o....#.........#.
#............#########...
#..........### ##### ####
#....#####..# .^Z..
#....# ##.####...##
#...## #..# .^.^^ #...#
##.# .^.


You could see an orc priest.

Vanquished Creatures
  3 adders
  4 worms
  4 leopard geckos
  2 orcs (D:3)
  A ball python (D:1)
  7 bats
  A giant cockroach (D:3)
  13 goblins
  9 hobgoblins
  5 kobolds
  4 frilled lizards
  7 rats
60 creatures vanquished.

Notes
Turn   | Place    | Note
-------+----------+-------------------------------------------
     0 | D:1      | tilp the Merfolk Ice Elementalist began the quest for the Orb.
     0 | D:1      | Reached XP level 1. HP: 13/13 MP: 3/3
   152 | D:1      | Reached XP level 2. HP: 13/19 MP: 5/5
   167 | D:1      | Learned a level 2 spell: Throw Frost
   284 | D:1      | Reached skill level 4 in Ice Magic
  1036 | D:2      | Reached XP level 3. HP: 24/24 MP: 4/6
  1046 | D:2      | Learned a level 3 spell: Ozocubu's Armour
  1321 | D:2      | Reached skill level 5 in Ice Magic
  1496 | D:2      | Reached XP level 4. HP: 30/30 MP: 3/7
  2131 | D:3      | Found a sacrificial altar of Ru.
  2347 | D:3      | Found a basalt altar of Yredelemnul.
  2729 | D:3      | Reached skill level 6 in Ice Magic
  2740 | D:3      | Slain by an orc wizard

Vault maps used:
D:1:      scummos_arrival_gate
D:3:      nicolae_ru_the_path_less_chosen, yredelemnul_forgotten_temple_becter,
          first_ration

Skill      XL: |  1  2  3  4 |
---------------+-------------+-----
Ice Magic      | 4 5 6 |  6.0
Dodging        | |  2.6
Stealth        | |  2.1
Spellcasting   | |  2.0
Conjurations   | |  0.7

Action                   |  1- 3 |  4- 6 || total
-------------------------+-------+-------++-------
Melee: Short sword       |    38 |    24 ||    62
       Unarmed           |     1 |       ||     1
Throw: Stone             |       |    17 ||    17
 Cast: Freeze            |    35 |    38 ||    73
       Throw Frost       |     1 |     4 ||     5
       Ozocubu's Armour  |       |     5 ||     5
 Stab: Sleeping          |     5 |     7 ||    12
  Eat: Chunk             |     2 |     6 ||     8
Armor: Robe              |     7 |    12 ||    19
Dodge: Dodged            |    39 |    23 ||    62

Table legend:
 A = Spawn XP
 B = Non-spawn XP
 C = Spawn XP percentage of total XP
 D = Spawn monster count
 E = Non-spawn monster count
 F = Spawn count percentage of total count
 G = Total turns spent on level
                    A         B        C        D         E        F      G
               +---------+---------+-------+---------+---------+-------+---------
         Total |       0 |     156 |   0.0 |       0 |      60 |   0.0 |  2740
               +---------+---------+-------+---------+---------+-------+---------
           D:1 |       0 |      31 |   0.0 |       0 |      19 |   0.0 |  1038
           D:2 |       0 |      71 |   0.0 |       0 |      20 |   0.0 |  1041
           D:3 |       0 |      54 |   0.0 |       0 |      21 |   0.0 |   661
               +---------+---------+-------+---------+---------+-------+---------
